Map: Distant Plane

Players

Meister - Winner!

  • Race: Terran Terran
  • League: Master
  • Spawn Location: 5:00

PracticeX

  • Race: Terran Terran
  • League: Grandmaster
  • Spawn Location: 1:00

Ohm

  • Race: Terran Terran
  • Spawn Location: 1:00

Dreamer - Winner!

  • Race: Terran Terran
  • Spawn Location: 5:00

VOD

Have the link to the VOD?

Description

Time

  • Played on: April 2, 2017, 12:09 a.m.
  • Length: 11:43
Show
View Real Time Build Order
Export as new Build Order

Meister Terran - Winner!

Build Orders: Reaper Expand, MMM Bio 

Get SALT Encoding   

  12  0:01  SCV  
  13  0:13  SCV  
  14  0:20  Supply Depot  
  14  0:25  SCV  
  15  0:31  Refinery  
  15  0:42  SCV  
  16  0:47  Barracks  
  16  0:54  SCV  
  17  1:06  SCV  
  18  1:18  SCV  
  19  1:35  Reaper, Orbital Command  
  20  1:54  Command Center  
  20  2:01  Barracks  
  20  2:02  SCV  
  20  2:07  Barracks Reactor  
  21  2:12  Supply Depot  
  21  2:16  SCV  
  22  2:28  Factory  
  22  2:29  SCV  
  23  2:33  Refinery  
  23  2:41  SCV  
  24  2:46  Marine x2  
  24  2:49  Barracks Tech Lab  
  26  2:53  SCV  
  27  3:05  SCV  
  28  3:06  Marine x2  
  28  3:09  Orbital Command  
  28  3:11  Stimpack  
  30  3:15  Marine  
  31  3:23  Starport  
  31  3:25  Factory Reactor  
  31  3:29  Marine  
  31  3:30  Marine  
  33  3:36  Marine  
  33  3:37  SCV  
  33  3:39  SCV  
  36  3:47  Marine, Supply Depot  
  37  3:52  Marine  
  37  3:54  Marine  
  38  4:00  SCV x2  
  39  4:05  Marine  
  39  4:07  Medivac x2  
  44  4:10  Marine  
  44  4:11  Factory Tech Lab  
  44  4:12  SCV x2  
  44  4:16  Marine  
  48  4:21  Refinery  
  48  4:23  Marine  
  50  4:24  SCV  
  50  4:26  SCV  
  50  4:27  Marine  
  52  4:34  Marine  
  52  4:35  Supply Depot  
  52  4:36  Engineering Bay  
  52  4:37  SCV  
  52  4:41  Marine  
  52  4:44  SCV  
  54  4:56  Marine  
  54  4:57  SCV  
  54  4:59  Supply Depot  
  56  5:00  Siege Tank  
  56  5:03  SCV  
  56  5:05  Marine x2  
  62  5:15  Marine  
  62  5:23  Marine x2  
  62  5:26  Orbital Command  
  54  5:33  Marine  
  49  5:39  SCV  
  49  5:40  Marine  
  49  5:41  Marine  
  43  5:51  Marine  
  43  5:52  SCV x2  
  46  5:58  Combat Shields, Marine  
  46  6:04  SCV  
  49  6:05  SCV  
  49  6:06  Marine  
  49  6:09  Marine  
  51  6:16  SCV, Marine  
  51  6:17  SCV  
  50  6:20  Siege Tank  
  50  6:23  Terran Infantry Weapons Level 1  
  53  6:27  Supply Depot  
  53  6:28  SCV  
  53  6:29  SCV, Marine x2  
  57  6:36  Marine  
  58  6:40  SCV  
  58  6:41  SCV  
  58  6:47  Marine x2  
  52  6:53  Marine  
  50  7:04  Marine  
  50  7:05  Marine  
  50  7:10  Siege Tank  
  50  7:11  Marine  
  50  7:13  SCV x2  
  56  7:18  Command Center  
  56  7:19  Engineering Bay  
  56  7:22  Marine  
  56  7:23  Marine  
  56  7:24  Barracks  
  56  7:25  SCV  
  46  7:30  Marine  
  46  7:34  SCV  
  48  7:38  SCV  
  48  7:40  Marine, Medivac x2  
  48  7:41  Marine  
  55  7:46  SCV, Terran Infantry Armor Level 1  
  55  7:50  SCV  
  57  7:58  SCV, Marine  
  57  7:59  Marine x2  
  57  8:02  SCV  
  62  8:08  Siege Tank  
  62  8:11  SCV  
  66  8:14  SCV  
  66  8:16  Marine x2  
  66  8:17  Marine  
  70  8:20  Barracks Reactor  
  70  8:23  SCV  
  71  8:27  SCV  
  71  8:34  Marine x3  
  70  8:41  Medivac x2  
  58  8:44  Orbital Command  
  58  8:52  Marine x3  
  59  8:56  Marine  
  59  9:01  SCV  
  61  9:05  Siege Tank, SCV, Marine  
  61  9:09  Marine, Barracks x2  
  66  9:10  Marine x2  
  66  9:12  Refinery  
  66  9:14  SCV, Marine  
  71  9:18  SCV  
  71  9:22  Marine  
  73  9:26  SCV  
  73  9:27  Marine  
  73  9:28  Marine x2  
  73  9:30  SCV  
  78  9:33  Armory  
  78  9:37  Siege Tank  
  81  9:38  Marine  
  81  9:39  Orbital Command  
  81  9:40  Marine, Medivac x2  
  81  9:41  SCV  
  88  9:47  Marine x2  
  88  9:48  Marine  
  88  9:49  SCV  
  92  9:56  Marine  
  92  9:59  Barracks Reactor  
  93  10:00  Barracks Reactor  
  93  10:01  Supply Depot  
  93  10:07  Marine  
  93  10:08  Marine  
  93  10:10  Marine x2  
  85  11:02  Supply Depot x2  
  85  11:04  Supply Depot  
  84  11:12  Supply Depot  
  84  11:13  Supply Depot, Command Center  
Show
View Real Time Build Order
Export as new Build Order

PracticeX Terran 

Build Orders: 1/1/1, Cyclone Opening, Bio Tank 

Get SALT Encoding   

  12  0:01  SCV  
  13  0:13  SCV  
  14  0:17  Supply Depot  
  14  0:25  SCV  
  15  0:33  Refinery  
  15  0:39  SCV  
  16  0:45  Barracks  
  16  0:51  SCV  
  16  0:56  Refinery  
  17  1:03  SCV  
  18  1:15  SCV  
  19  1:32  Orbital Command, Reaper  
  20  1:40  Factory  
  20  1:49  Supply Depot  
  20  1:59  SCV  
  21  2:04  Reaper  
  22  2:11  SCV  
  23  2:24  Hellion, Starport  
  23  2:27  SCV  
  26  2:38  Barracks Reactor, Supply Depot  
  25  2:45  Cyclone  
  25  2:49  SCV  
  29  3:12  Starport Tech Lab  
  29  3:18  Marine x2  
  31  3:30  SCV  
  31  3:31  Raven  
  31  3:32  Factory Tech Lab  
  34  3:39  Marine x2  
  36  3:41  Command Center  
  36  3:48  Supply Depot  
  33  3:58  Siege Tank, Marine  
  33  4:00  SCV  
  38  4:11  Supply Depot  
  38  4:17  Raven  
  38  4:18  Marine x2  
  38  4:20  SCV  
  43  4:32  SCV  
  44  4:42  Siege Tank  
  44  4:44  SCV  
  47  4:46  Barracks  
  47  4:54  Marine x2  
  47  4:56  SCV  
  51  5:00  Orbital Command  
  50  5:08  SCV  
  50  5:10  Starport Reactor  
  50  5:12  Marine x2  
  53  5:20  SCV  
  52  5:30  Marine  
  52  5:31  SCV  
  52  5:32  SCV  
  52  5:33  Refinery  
  55  5:37  Barracks  
  55  5:43  SCV, Stimpack  
  55  5:44  SCV  
  57  5:50  Medivac x2  
  57  5:55  SCV  
  57  5:56  Supply Depot  
  62  5:59  SCV  
  62  6:00  Engineering Bay  
  63  6:07  SCV  
  63  6:09  Marine x2  
  65  6:17  SCV  
  65  6:18  Siege Tank  
  69  6:24  Barracks Reactor  
  69  6:28  SCV  
  69  6:29  Supply Depot  
  70  6:40  Viking x2  
  70  6:41  Marine x3  
  76  6:53  Orbital Command  
  73  6:55  Terran Infantry Weapons Level 1  
  73  6:59  Marine x2  
  73  7:00  Marine x2  
  74  7:05  SCV  
  74  7:07  Refinery  
  75  7:11  Supply Depot  
  75  7:17  SCV  
  75  7:18  Marine x3  
  79  7:33  Marine x2  
  81  7:39  SCV  
  81  7:40  SCV  
  81  7:43  Combat Shields, Marine, Missile Turret  
  84  7:50  Siege Tank  
  87  7:58  SCV, Supply Depot  
  87  8:03  Marine x3  
  91  8:08  Medivac  
  93  8:18  Supply Depot  
  93  8:22  Siege Tank  
  93  8:23  SCV  
  93  8:36  Marine  
  93  8:37  Marine x2  
  90  8:54  Marine x2  
  90  8:55  Marine  
  52  9:06  Siege Tank  
  54  9:12  Marine x3  
  54  9:13  Barracks x2  
  49  9:27  Terran Infantry Armor Level 1  
  49  9:29  Orbital Command  
  49  9:30  Marine x3  
  48  9:38  Siege Tank  
  50  9:45  Starport  
  50  9:47  Marine  
  50  9:48  Marine x2  
  53  10:02  Barracks Reactor  
  53  10:03  Barracks Reactor  
  53  10:05  Marine  
  53  10:06  Marine x2  
  56  10:12  Siege Tank  
  59  10:17  Armory  
  59  10:23  Marine  
  59  10:26  Starport Reactor  
  60  10:33  Command Center  
  60  10:35  Marine  
  61  10:38  SCV  
  62  10:44  Siege Tank  
  62  10:46  Marine  
  62  10:47  Marine x2  
  68  10:50  SCV  
  68  10:52  Marine x2  
  68  10:56  Barracks  
  71  11:03  Marine  
  72  11:08  Factory, Engineering Bay  
  72  11:13  Barracks Reactor  
Show
View Real Time Build Order
Export as new Build Order

Ohm Terran 

Build Orders: Reaper Expand, MMM Bio 

Get SALT Encoding   

  12  0:01  SCV  
  13  0:13  SCV  
  14  0:21  Supply Depot  
  14  0:26  SCV  
  16  0:42  SCV  
  16  0:44  Barracks  
  16  0:47  Refinery  
  16  0:55  SCV  
  17  1:07  SCV  
  18  1:19  SCV  
  19  1:32  Reaper, Orbital Command  
  20  1:44  Command Center  
  20  1:54  Barracks  
  20  1:59  SCV  
  21  2:04  Barracks Reactor  
  21  2:08  Supply Depot  
  21  2:12  SCV  
  22  2:15  Refinery  
  22  2:26  Factory  
  22  2:30  SCV  
  23  2:43  Barracks Tech Lab, Marine x2  
  25  2:45  SCV  
  26  3:01  Marine x2, Orbital Command  
  28  3:12  SCV  
  28  3:14  Stimpack, Marine  
  29  3:20  Marine x2  
  29  3:24  Orbital Command  
  31  3:29  Factory Reactor, Starport  
  32  3:34  SCV  
  32  3:35  Marine  
  32  3:41  Marine  
  34  3:42  Marine  
  34  3:46  SCV  
  36  3:51  SCV  
  36  3:55  Marine  
  38  3:58  SCV, Marine  
  38  4:00  Marine  
  41  4:03  Supply Depot  
  41  4:07  SCV  
  42  4:11  Medivac x2  
  46  4:20  Supply Depot  
  46  4:25  SCV x2, Marine x3  
  51  4:34  Factory Tech Lab  
  51  4:37  SCV x2  
  53  4:43  Supply Depot, Engineering Bay  
  53  4:49  SCV x2, Marine x2  
  53  4:50  Marine  
  61  4:52  Siege Tank  
  61  5:01  SCV  
  61  5:04  SCV  
  61  5:05  Supply Depot  
  63  5:10  Supply Depot  
  62  5:14  Marine x3  
  62  5:15  Combat Shields  
  60  5:29  SCV x2  
  60  5:32  Marine  
  57  5:44  Marine x2  
  57  5:45  Siege Tank, Medivac  
  57  5:46  SCV x2  
  57  5:49  Supply Depot  
  64  5:50  Supply Depot  
  64  5:58  SCV x2  
  64  6:02  Marine  
  64  6:03  Marine x2  
  69  6:12  Medivac  
  69  6:13  SCV x2  
  73  6:20  Marine  
  73  6:21  Marine x2, Command Center  
  76  6:25  SCV  
  76  6:26  SCV  
  76  6:27  Siege Tank  
  81  6:38  SCV x2, Marine  
  81  6:39  Marine x2  
  82  6:53  SCV x2  
  77  6:56  Marine  
  77  6:57  Marine x2  
  77  7:00  Medivac  
  79  7:05  SCV  
  79  7:06  SCV  
  79  7:14  Marine  
  79  7:15  Marine  
  81  7:18  SCV x2  
  81  7:22  Supply Depot, Barracks x2  
  83  7:25  Refinery  
  83  7:26  Refinery  
  83  7:30  SCV  
  83  7:34  Barracks  
  83  7:36  Marine x2  
  83  7:37  Marine  
  85  7:39  Siege Tank  
  90  7:47  SCV x2  
  92  7:56  Marine x3, Supply Depot  
  92  7:58  Medivac x2  
  99  7:59  SCV x2  
  101  8:07  Terran Infantry Weapons Level 1  
  101  8:11  Barracks Reactor, SCV x2  
  103  8:14  Marine  
  103  8:18  Barracks Reactor  
  104  8:23  SCV x2  
  104  8:24  Marine  
  104  8:25  Marine  
  104  8:26  Barracks Reactor, Supply Depot  
  108  8:31  Marine  
  109  8:35  SCV x2  
  105  8:42  Marine x2  
  105  8:49  Marine  
  105  8:50  Marine x2  
  105  8:54  Marine x2  
  108  9:00  Marine x2  
  110  9:04  Marine  
  110  9:07  Marine x2  
  110  9:08  Marine x2  
  113  9:12  Marine x2  
  113  9:13  Orbital Command  
  107  9:18  Marine x2  
  107  9:21  Siege Tank  
  107  9:22  Marine  
  102  9:24  Marine  
  102  9:25  Marine x2  
  102  9:26  Marine  
  102  9:30  Marine x2  
  108  9:36  Marine x2  
  105  9:40  Marine  
  105  9:42  Marine  
  105  9:43  Marine x3  
  110  9:48  Marine x2  
  106  9:53  Marine  
  106  9:54  Medivac x2, Marine, Barracks x2  
  106  9:55  Siege Tank  
  106  9:57  Barracks  
  106  9:58  Marine  
  111  10:00  Marine x2  
  111  10:01  Marine x2  
  111  10:05  Marine  
  111  10:06  Marine  
  111  10:10  Orbital Command  
  111  10:11  Marine  
  111  10:12  Marine  
  113  10:15  Marine  
  113  10:18  Marine x2  
  113  10:19  Marine x2  
  118  10:23  Marine x2  
  119  10:29  Marine x2  
  119  10:32  SCV x2  
  119  10:33  Marine  
  114  10:36  Marine x2  
  114  10:37  Marine x2  
  114  10:41  Marine x2  
  120  10:47  Marine x2  
  122  10:51  Marine  
  122  10:53  Marine  
  122  10:54  Marine x2  
  122  10:55  Marine  
  122  10:56  Siege Tank, Command Center  
  117  10:59  Marine x2  
  119  11:05  Marine x2  
  119  11:09  Marine  
  122  11:11  Marine x4  
  122  11:12  Marine x3  
  122  11:17  Marine x2  
  129  11:22  Marine  
  129  11:23  Marine  
Show
View Real Time Build Order
Export as new Build Order

Dreamer Terran - Winner!

Build Orders: Reaper Expand, MMM Bio 

Get SALT Encoding   

  12  0:02  SCV  
  13  0:14  SCV  
  13  0:19  Supply Depot  
  14  0:26  SCV  
  15  0:30  Refinery  
  15  0:40  SCV  
  16  0:45  Barracks  
  16  0:52  SCV  
  17  1:04  SCV  
  18  1:16  SCV  
  19  1:31  Orbital Command  
  19  1:32  Reaper  
  20  1:52  Command Center  
  20  1:57  SCV  
  20  2:01  Supply Depot  
  21  2:04  Reaper  
  22  2:09  SCV  
  23  2:17  Barracks  
  24  2:22  SCV  
  24  2:26  Barracks  
  24  2:35  SCV  
  25  2:37  Barracks Reactor  
  25  2:47  SCV  
  26  2:51  Factory  
  26  2:53  Refinery  
  26  2:59  SCV  
  27  3:11  SCV, Barracks Tech Lab  
  27  3:12  Orbital Command  
  26  3:13  Marine x2  
  26  3:17  Marine  
  29  3:31  Stimpack, Marine x2  
  29  3:32  Marauder  
  33  3:39  Marine  
  34  3:43  Starport  
  34  3:51  Orbital Command  
  32  3:58  Factory Reactor  
  32  3:59  SCV  
  33  4:04  Marine x3  
  33  4:05  Marine  
  37  4:11  SCV  
  38  4:17  SCV  
  38  4:22  Marine x3  
  38  4:23  SCV  
  43  4:24  Supply Depot  
  43  4:29  SCV  
  43  4:31  Marine  
  45  4:33  Supply Depot  
  45  4:35  SCV  
  46  4:46  SCV, Medivac x2  
  46  4:47  SCV  
  46  4:49  Marine  
  46  4:50  Marine  
  54  4:54  Marine  
  54  4:58  SCV  
  54  4:59  SCV  
  57  5:00  Marine  
  57  5:02  Factory Tech Lab  
  58  5:07  Marine, Supply Depot  
  58  5:10  SCV  
  58  5:11  SCV  
  61  5:18  Marine  
  62  5:23  Supply Depot  
  62  5:29  Medivac x2, SCV, Marine x3  
  62  5:32  Combat Shields  
  70  5:42  SCV  
  70  5:44  SCV, Marine  
  70  5:47  Marine  
  70  5:48  Barracks Reactor  
  73  5:50  Marine  
  73  5:54  SCV  
  73  5:55  Command Center  
  73  5:56  SCV  
  76  6:02  Marine  
  77  6:05  Marine  
  77  6:07  Barracks x2  
  78  6:20  Supply Depot  
  78  6:21  Supply Depot  
  78  6:27  Refinery  
  78  6:28  Refinery  
  78  6:32  SCV  
  78  6:41  Marine x4  
  78  6:42  Siege Tank, SCV, Marine  
  78  6:44  SCV  
  85  6:52  Medivac  
  85  6:53  Medivac  
  90  6:54  SCV  
  90  6:59  Marine x4  
  90  7:00  Marine  
  94  7:06  SCV  
  95  7:09  Supply Depot  
  95  7:10  Engineering Bay x2  
  95  7:11  Orbital Command  
  95  7:13  Barracks Reactor x2, Supply Depot  
  96  7:15  Siege Tank  
  96  7:17  Marine x4  
  96  7:18  Marine  
  101  7:26  Barracks x2  
  94  7:33  Medivac  
  94  7:35  Marine x4  
  94  7:36  Marine  
  94  7:37  Orbital Command  
  94  7:47  Siege Tank  
  94  7:48  Terran Infantry Armor Level 1, Terran Infantry Weapons Level 1  
  94  7:50  Marine x2  
  99  7:53  Marine x3  
  99  7:58  Marine  
  103  8:04  Sensor Tower  
  103  8:08  Marine  
  103  8:09  Marine x4  
  103  8:10  Marine x3  
  111  8:16  Marine  
  114  8:22  Barracks Reactor x2  
  114  8:23  Siege Tank  
  114  8:26  Marine x3  
  117  8:34  Marine  
  112  8:44  Marine x3  
  112  8:46  Marine  
  112  8:47  Marine x4  
  119  8:51  Marine  
  114  9:01  Marine  
  114  9:02  Marine x2  
  113  9:04  Marine  
  109  9:10  Marine x7  
  109  9:11  Marine x2  
  117  9:19  Marine x2  
  117  9:20  Armory  
  118  9:30  Marine x3  
  120  9:32  Marine x2  
  115  9:45  Command Center  
  112  10:09  Supply Depot x2  
  112  10:27  Marine x3  
  112  10:28  Marine  
  110  10:29  Marine x2, Medivac  
  110  10:30  Medivac  
  112  10:54  Marine x4  
  116  10:59  Medivac  
  116  11:02  Marine  
  116  11:03  Marine  
  120  11:13  Marine x2  
Tags
 
Add a new tag
Caveats
  • Supply blocks, unpowered buildings, or Contaminate may cause inaccurate times.
  • Supply counts are checked every 10 seconds.